 Dungeon Crawl Stone Soup version 0.17-a0-755-g4391640 (webtiles) character file.

20 karvarausku the Chopper (level 2, -4/22 HPs)
             Began as a Demonspawn Warper on Apr 22, 2015.
             Slain by a goblin
             ... wielding a +2 dagger of electrocution
              (16 damage)
             ... on level 2 of the Dungeon.
             The game lasted 00:01:40 (1167 turns).

karvarausku the Chopper (Demonspawn Warper)         Turns: 1167, Time: 00:01:40

Health: -4/22      AC:  4    Str: 11    XL:     2   Next: 58%
Magic:  5/5        EV: 11    Int: 14    God:
Gold:   60         SH:  0    Dex: 12    Spells: 1 memorised, 4 levels left

rFire  . . .     SeeInvis .     a - +0 hand axe
rCold  . . .     Clarity  .     b - +0 leather armour
rNeg   . . .     SustAb   .     (no shield)
rPois  .         Gourm    .     (helmet restricted)
rElec  .         Spirit   .     (no cloak)
rCorr  .         Warding  .     (no gloves)
rMut   .         Stasis   .     n - +0 pair of boots
MR     .....                    (no amulet)
Stlth  +.........               (no ring)
                                (no ring)

@: not resistant to hostile enchantments, very unstealthy
A: horns 1
a: no special abilities


You were on level 2 of the Dungeon.
You were hungry.

You visited 1 branch of the dungeon, and saw 2 of its levels.

You collected 60 gold pieces.

Inventory:

Hand weapons
 a - a +0 hand axe (weapon)
Missiles
 e - 3 tomahawks of dispersal (quivered)
Armour
 b - a +0 leather armour (worn)
 n - a +0 pair of boots (worn)
Scrolls
 d - a scroll of blinking
 g - 2 scrolls of teleportation {unknown}
 j - a scroll of identify {unknown}
 m - 2 scrolls of remove curse {unknown}
 o - a scroll of fog {unknown}
Potions
 h - a potion of invisibility {unknown}
 i - a potion of degeneration {unknown}
 l - a potion of heal wounds
 p - a potion of curing
Books
 c - a book of Spatial Translocations

   Spells                             Type                      Level
   a - Apportation                    Translocation                1
   b - Blink                          Translocation                2
   c - Shroud of Golubria             Charms/Translocation         2
   d - Portal Projectile              Translocation                3
   e - Teleport Other                 Translocation                3
   f - Passage of Golubria            Translocation                4
Comestibles
 f - a bread ration
 k - a meat ration


   Skills:
 - Level 2.0 Fighting
 + Level 2.9 Axes
 - Level 0.8 Throwing
 - Level 0.8 Armour
 - Level 1.7 Dodging
 - Level 2.0 Spellcasting
 - Level 2.6 Translocations


You had 4 spell levels left.
You knew the following spells:

 Your Spells              Type           Power        Failure   Level  Hunger
a - Apportation           Tloc           #.........   12%         1    ##.....


Dungeon Overview and Level Annotations

Branches:
Dungeon (2/15)

Altars:


Innate Abilities, Weirdness & Mutations

You have a pair of small horns on your head.


Message History

The kobold closely misses you.
Unknown command.
You closely miss the kobold.
The kobold is severely wounded.
The kobold barely misses you.
You barely miss the kobold.
The kobold is severely wounded.
The kobold hits you but does no damage.
You hit the kobold but do no damage. You headbutt the kobold.
The kobold is severely wounded.
The kobold hits you. The kobold completely misses you.
You hit the kobold.
You kill the kobold!
The goblin hits you but does no damage.
You see here a kobold corpse.
You closely miss the goblin.
The goblin hits you with a dagger of electrocution.
You are electrocuted!
Ouch! That really hurt!
You die...

. . .. #.. .. #.# ..# #.#
...# #.#### #...##.#.. ##
###. #....#.#.######
.#.....
##.....#......###........
#..............)@g.......
...............)#........
................#.#.....
.......)........#.# #...
................#.# ##
........<.......#.#
................#.#
...........>...##.#
%.....#..........


You could see a goblin.

Vanquished Creatures
  A giant cockroach (D:2)
  A goblin (D:1)
  A hobgoblin (D:1)
  5 jackals (D:1)
  A ball python (D:1)
  A bat (D:1)
  A giant newt (D:1)
  4 kobolds
  5 rats (D:1)
20 creatures vanquished.

Notes
Turn   | Place    | Note
--------------------------------------------------------------
     0 | D:1      | karvarausku, the Demonspawn Warper, began the quest for the Orb.
     0 | D:1      | Reached XP level 1. HP: 16/16 MP: 3/3
   742 | D:1      | Gained mutation: You have a pair of small horns on your head. [demonic ancestry]
   742 | D:1      | Reached XP level 2. HP: 19/22 MP: 5/5
  1167 | D:2      | Slain by a goblin

Action                   || total
-------------------------++-------
Melee: Hand axe          ||    94
Throw: Tomahawk          ||     2
  Use: Potion            ||     2
